 Dungeon Crawl Stone Soup version 0.28-a0-1616-g050a50673c (webtiles) character file.

Game seed: 17329130033139651068

1537 soggyman666 the Thaumaturge (level 9, -3/55 HPs)
             Began as a Djinni Fire Elementalist on Jan 22, 2022.
             Was a Follower of Ashenzari.
             Slain by a two-headed ogre (17 damage)
             ... on level 6 of the Dungeon.
             The game lasted 00:18:40 (7986 turns).

soggyman666 the Thaumaturge (DjFE)                  Turns: 7986, Time: 00:18:41

Health: -3/55      AC:  4    Str:  7    XL:     9   Next: 11%
Gold:   186        EV: 13    Int: 22    God:    Ashenzari [*.....] SH:  5 Dex: 13

rFire   + + .      SeeInvis .   n - staff of earth
rCold   . . .      Faith    .   (no shield)
rNeg    . . .      Spirit   .   a - +1 robe
rPois   ∞          Reflect  +   l - +0 helmet of Panopticon {rPois rC+ Will+, Range, Cun} (curse)
rElec   .          Harm     .   (no cloak)
rCorr   .          Rampage  .   (no gloves)
Will    +....                   (boots unavailable)
Stlth   ++........              f - amulet of Ashenzari's Ordeal {Reflect SH+5, Melee, Fort} (curse)
HPRegen 0.18/turn               (no ring)
MPRegen 0.00/turn               (no ring)

@: flying
A: sickness immunity, fire resistance 2, cold vulnerability 1, float, innate
caster, hp casting, extra vitality 1
a: Renounce Religion, Shatter the Chains


You were on level 6 of the Dungeon.
You worshipped Ashenzari.
Ashenzari was aware of your devotion.
You visited 2 branches of the dungeon, and saw 7 of its levels.

You collected 186 gold pieces.

Inventory:

Armour
 a - a +1 robe (worn)
 l - the cursed +0 helmet of Panopticon (worn) {rPois rC+ Will+, Range, Cun}
   (You found it on level 4 of the Dungeon)

   rC:        It protects you from cold.
   rPois:     It protects you from poison.
   Will:      It increases your willpower.
   It has a curse which improves the following skills: Ranged Combat: Slings,
   Bows, Crossbows and Throwing.
   Cunning:   Dodging and Stealth.
Magical Staves
 n - a staff of earth (weapon)
Jewellery
 f - the cursed amulet of Ashenzari's Ordeal (around neck) {Reflect SH+5, Melee, Fort}
   (You found it on level 2 of the Dungeon)

   [amulet of reflection]

   It reflects blocked missile attacks.
   SH:        It affects your SH (+5).
   It has a curse which improves the following skills: Melee Combat: Short
   Blades, Long Blades, Axes, Maces & Flails, Polearms, Staves and Unarmed
   Combat.
   Fortitude: Armour and Shields.
Scrolls
 g - a scroll of holy word
 k - a scroll of magic mapping
Potions
 e - 5 potions of curing
 h - a potion of ambrosia


   Skills:
 - Level 0.1 Fighting
 * Level 4.0(4.8) Dodging
 + Level 2.0(2.6) Stealth
 + Level 0.1(0.2) Unarmed Combat
 + Level 8.2 Spellcasting


You had 2 spell levels left.
You knew the following spells:

 Your Spells              Type           Power      Damage    Failure   Level
a - Foxfire               Conj/Fire      100%       2x1d9     1%          1
b - Scorch                Fire           90%        2d9       1%          2
c - Conjure Flame         Conj/Fire      45%        6-21      1%          3
d - Inner Flame           Hex/Fire       45%        N/A       1%          3
e - Flame Wave            Conj/Fire      45%        2d10      2%          4
f - Pain                  Necr           100%       1d9       1%          1
g - Call Imp              Summ           45%        N/A       1%          2
h - Frozen Ramparts       Ice            90%        1d11      1%          3
i - Spider Form           Tmut/Pois      45%        N/A       1%          3
Your spell library was empty.

Dungeon Overview and Level Annotations

Branches:
Dungeon (6/15)             Temple (1/1) D:4

Altars:
Ashenzari
Cheibriados
Dithmenos
Gozag
Hepliaklqana
Kikubaaqudgha
Makhleb
Nemelex Xobeh
Qazlal
Ru
Sif Muna
Uskayaw
Wu Jian
Xom
Yredelemnul
Zin
The Shining One


Innate Abilities, Weirdness & Mutations

You are immune to sickness and miasma.
You are immune to poison.
Your flesh is very heat resistant. (rF++)
You are vulnerable to cold. (rC-)
You float through the air rather than walking.
You learn spells naturally, not from books.
Your magical power is your life essence.
You have superior vitality. (+4 MHP)


Message History

You conjure some foxfire!
The foxfire hits the jelly.
You kill the jelly!
Your foxfire dissipates!
Your foxfire dissipates!
HP restored.
You conjure some foxfire!
There is not enough space to conjure foxfire!
There is not enough space to conjure foxfire!
There is not enough space to conjure foxfire!
A shadow imp is nearby!
Your foxfire dissipates!
A two-headed ogre and an iguana come into view.
Casting: Foxfire (safe; 1% risk of failure)
Confirm with . or Enter, or press ? or * to list all spells.
The fire begins to smoulder!
The shadow imp shouts!
The two-headed ogre shouts in stereo!
The iguana hisses angrily.
Your foxfire dissipates!
The ogre smothers the flame.
You block the ogre's attack. The ogre barely misses you.
The ogre hits you with a +0 giant club!!
There is a stone staircase leading down here.
The shadow imp shouts, "Escape, thou infectious moon-mazed giglet!"
The shadow imp picks up a beetle and eats it.
The shadow imp shouts, "Slither away, thou erky two-tin-hat mish-mash!"
There is a stone staircase leading up here.
You conjure some foxfire!
You conjure some foxfire!
The foxfire hits the two-headed ogre!
The two-headed ogre is lightly wounded.
The foxfire hits the two-headed ogre.
The two-headed ogre is lightly wounded.
The foxfire hits the two-headed ogre.
The two-headed ogre is moderately wounded.
The foxfire hits the two-headed ogre but does no damage.
The two-headed ogre is moderately wounded.
The two-headed ogre hits you with a +0 giant club!!
* * * LOW HITPOINT WARNING * * *
The two-headed ogre hits you with a +0 giant spiked club!
You die...

#.. .##..# . .. ....#
.# #. ##...# ..#
#.###....#...#
#.............
#............ ..
#...........# ..
###§......#..## .
##§@§5...###..# #
#..#.§.O....# #..#
#.....O...###..##
#..........##...#####
...#..............>....
##(###.................
# ##.........####...
............# #...
#..#........# #...


You could see a two-headed ogre, an ogre and a shadow imp.

Vanquished Creatures
  Pikel (D:3)
  A necrophage (D:6)
  2 ogres (D:5)
  2 phantoms (D:5)
  2 lemures (D:4)
  A bullfrog (D:6)
  3 scorpions
  2 bullfrog zombies
  A bullfrog skeleton (D:5)
  An orc priest (D:4)
  A jelly (D:6)
  2 hounds
  2 scorpion zombies (D:5)
  A killer bee zombie (D:6)
  A hound skeleton (D:4)
  Robin (D:4)
  A gnoll (D:1)
  6 adders
  A worm (D:2)
  3 dart slugs
  8 orcs
  5 ball pythons
  7 bats
  8 endoplasms
  3 giant cockroaches
  13 goblins
  5 hobgoblins
  6 jackals
  3 kobolds
  3 quokkas
  4 frilled lizards
  3 rats
103 creatures vanquished.

Vanquished Creatures (others)
  583 foxfires
583 creatures vanquished.

Grand Total: 686 creatures vanquished

Notes
Turn   | Place    | Note
-------+----------+-------------------------------------------
     0 | D:1      | soggyman666 the Djinni Fire Elementalist began the quest
                  | for the Orb.
     0 | D:1      | Reached XP level 1. HP: 15/15 MP: 0/0
   573 | D:1      | Reached skill level 3 in Spellcasting
   573 | D:1      | Reached XP level 2. HP: 14/21 MP: 0/0
  1107 | D:1      | Reached XP level 3. HP: 20/25 MP: 0/0
  1107 | D:1      | Learned a level 1 spell: Pain
  2204 | D:2      | Found a faded altar of an unknown god.
  2364 | D:2      | Reached XP level 4. HP: 27/31 MP: 0/0
  3618 | D:3      | Reached skill level 4 in Spellcasting
  3742 | D:3      | Reached XP level 5. HP: 32/35 MP: 0/0
  3742 | D:3      | Learned a level 2 spell: Call Imp
  3947 | D:3      | Found a stormy altar of Qazlal.
  4090 | D:3      | Noticed a +0 spear
  4091 | D:3      | Noticed a +0 short sword
  4092 | D:3      | Noticed a +0 dagger
  4092 | D:3      | Noticed a +0 dagger
  4092 | D:3      | Noticed a +0 spear
  4102 | D:3      | Noticed a +0 short sword
  4102 | D:3      | Noticed a +0 falchion
  4102 | D:3      | Noticed a +0 falchion
  4105 | D:3      | Found a hide-covered altar of Uskayaw.
  4235 | D:3      | Found a burning altar of Makhleb.
  4585 | D:4      | Noticed Robin
  4590 | D:4      | Killed Robin
  4914 | D:4      | Reached XP level 6. HP: 27/40 MP: 0/0
  5259 | D:4      | Found a staircase to the Ecumenical Temple.
  5268 | Temple   | Entered the Ecumenical Temple
  5332 | Temple   | Became a worshipper of Ashenzari the Shackled
  5378 | D:4      | Noticed Pikel
  6000 | D:3      | Killed Pikel
  6001 | D:3      | Reached skill level 6 in Spellcasting
  6001 | D:3      | Reached XP level 7. HP: 25/45 MP: 0/0
  6001 | D:3      | Learned a level 3 spell: Frozen Ramparts
  6298 | D:4      | Identified the +0 helmet "Silimegg" {rPois rC+ Will+}
  6450 | D:5      | Entered Level 5 of the Dungeon
  6502 | D:5      | Reached XP level 8. HP: 45/50 MP: 0/0
  6573 | D:5      | Reached skill level 7 in Spellcasting
  6925 | D:5      | Found a sparkling altar of Nemelex Xobeh.
  7424 | D:5      | Found a glowing golden altar of the Shining One.
  7435 | D:5      | Found a hazy altar of Hepliaklqana.
  7553 | D:6      | Reached * piety under Ashenzari
  7633 | D:6      | Reached skill level 8 in Spellcasting
  7636 | D:6      | Reached XP level 9. HP: 49/55 MP: 0/0
  7636 | D:6      | Learned a level 3 spell: Spider Form
  7637 | D:6      | Found a shimmering altar of Xom.
  7911 | D:6      | Noticed a two-headed ogre
  7986 | D:6      | Slain by a two-headed ogre

Illustrated notes

Levels and vault maps discovered:
D:1:      minmay_arrival_doors, layout_loops_corners, minmay_tiny_reverse_x
D:2:      layout_basic, basic_ecumenical_altar
D:3:      layout_basic, general_overflow_altar,
          mainiacjoe_overflow_tiny_flanked, nicolae_uskayaw_en_pointe,
          amcnicky_mini_pool_small
D:4:      layout_cave_pools, minmay_temple_entry_statues_pillars, uniq_robin,
          uniq_pikel
D:5:      layout_rooms, nemelex_diamond_rough_becter,
          amethyst_overflow_temple_binary, moated_statue,
          kennysheep_generic_room_3
D:6:      layout_layer_cave, xom_confusion_cloud, uniq_edmund,
          uniq_prince_ribbit1
Temple:   eino_wide_crystal_templ

Skill      XL: |  1  2  3  4  5  6  7  8  9 |
---------------+----------------------------+-----
Spellcasting   | 3 4 6 8 |  8.2
Dodging        | 3 4 |  4.0
Stealth        | 2 |  2.0
Fighting       | |  0.1
Unarmed Combat | |  0.1

Action                   |  1- 3 |  4- 6 |  7- 9 || total
-------------------------+-------+-------+-------++-------
Melee: Unarmed           |       |       |     8 ||     8
 Cast: Foxfire           |    98 |   173 |    89 ||   360
       Scorch            |     3 |    19 |    17 ||    39
       Pain              |       |     1 |       ||     1
       Conjure Flame     |       |     2 |     2 ||     4
       Frozen Ramparts   |       |       |     2 ||     2
       Spider Form       |       |       |     1 ||     1
Invok: Curse Item        |       |       |     2 ||     2
 Abil: End Transformatio |       |       |     1 ||     1
  Use: Scroll            |       |     3 |     4 ||     7
       Potion            |       |       |     1 ||     1
Armor: Robe              |       |     2 |     1 ||     3
       Skin              |       |       |     4 ||     4
Dodge: Dodged            |     1 |    13 |    36 ||    50
Block: Other             |       |     1 |    14 ||    15

Table legend: (Time is in decaauts)
 A = Elapsed time spent in this place.
 B = Non-inter-level travel time spent in this place.
 C = Inter-level travel time spent in this place.
 D = Time resting spent in this place.
 E = Time spent auto-exploring this place.
 F = Levels seen in this place.
 G = Mean time per level.
                   A        B        C        D        E       F      G
               +--------+--------+--------+--------+--------+-----+--------+
         Total |   7986 |   7653 |    333 |    892 |   5836 |   7 | 1140.9 |
       Dungeon |   7906 |   7609 |    297 |    892 |   5802 |   6 | 1317.7 |
        Temple |     79 |     43 |     36 |      0 |     34 |   1 |   79.0 |
               +--------+--------+--------+--------+--------+-----+--------+

Top non-repeatable levels by time:
     D:4: 1679 daAuts
     D:1: 1642 daAuts
     D:3: 1549 daAuts
     D:2: 1500 daAuts
     D:5: 1060 daAuts
     D:6: 474 daAuts
  Temple: 79 daAuts
